 Dungeon Crawl Stone Soup version 0.29-a0-1065-g47a6bb87d6 (webtiles) character file.

Game seed: 188029492717513391

1365 IdlyInterested the Trooper (level 8, 0/64 HPs)
             Began as a Demonspawn Wanderer on Aug 16, 2022.
             Slain by a yak (8 damage)
             ... on level 6 of the Dungeon on Aug 18, 2022.
             The game lasted 00:15:55 (5434 turns).

IdlyInterested the Trooper (Demonspawn Wanderer)    Turns: 5434, Time: 00:15:57

Health: 0/64       AC: 15    Str: 13    XL:     8   Next: 38%
Magic:  9/9        EV:  8    Int: 15    God:
Gold:   321        SH:  0    Dex: 19    Spells: 9/9 levels left

rFire   + . .      SeeInvis .   A - +11 rapier "Ecvedi Nosus" {vorpal, Will+}
rCold   . . .      Faith    .   (no shield)
rNeg    . . .      Spirit   .   b - +0 chain mail
rPois   .          Reflect  .   (helmet restricted)
rElec   .          Harm     .   y - +2 cloak
rCorr   .          Rampage  .   m - +0 pair of gloves
Will    +....                   (no boots)
Stlth   ..........              (no amulet)
HPRegen 0.20/turn               f - +6 ring of intelligence
MPRegen 0.11/turn               j - ring of protection from fire

@: confused, mighty, ambrosia-drunk
A: horns 2, spiny 2, sharp scales 1
a: no special abilities


You were on level 6 of the Dungeon.
You visited 1 branch of the dungeon, and saw 6 of its levels.

You collected 321 gold pieces.

Inventory:

Hand Weapons
 i - a +1 dagger of speed
 A - the +11 rapier "Ecvedi Nosus" (weapon) {vorpal, Will+}
   (You found it on level 3 of the Dungeon)

   It inflicts extra damage upon your enemies.
   Will:      It increases your willpower.
Missiles
 a - 10 poisoned darts (quivered)
 h - 5 curare-tipped darts
 r - 6 silver boomerangs
Armour
 b - a +0 chain mail (worn)
 m - a +0 pair of gloves (worn)
 t - the +0 leather armour of Leorheot {Harm +Inv rN++ Dex-2}
   (You found it on level 5 of the Dungeon)

   Dex:       It affects your dexterity (-2).
   rN:        It greatly protects you from negative energy.
   +Inv:      It lets you turn invisible.
   Harm:      It increases damage dealt and taken.
 y - a +2 cloak (worn)
Jewellery
 f - a +6 ring of intelligence (left hand)
 j - a ring of protection from fire (right hand)
 q - a ring of flight
 x - a +6 ring of intelligence
Wands
 n - a wand of charming (8)
Scrolls
 c - a scroll of vulnerability
 d - a scroll of butterflies
 l - a scroll of enchant armour
 u - a scroll of silence
 w - a scroll of enchant weapon
Potions
 g - 3 potions of heal wounds {unknown}
 k - 3 potions of brilliance
 o - 2 potions of flight
 s - a potion of invisibility
 v - a potion of attraction
 z - a potion of lignification {unknown}


   Skills:
 * Level 6.1 Fighting
 + Level 3.1 Short Blades
 - Level 1.7 Polearms
 - Level 3.0 Throwing
 - Level 4.5 Armour
 * Level 5.4 Dodging
 + Level 1.6 Stealth
 - Level 1.0 Spellcasting
 - Level 1.0 Evocations


You had 9 spell levels left.
You didn't know any spells.
Your spell library contained the following spells:

 Spells                   Type           Power      Damage    Failure   Level
 Apportation              Tloc           0%         N/A       100%        1
 Necrotise                Necr           0%         1d4       100%        1
 Sandblast                Erth           0%         2d4       100%        1
 Shock                    Conj/Air       0%         1d3       100%        1
 Summon Small Mammal      Summ           0%         N/A       100%        1
 Passwall                 Tmut/Erth      0%         N/A       100%        2
 Scorch                   Fire           0%         2d5       100%        2
 Dazzling Flash           Conj/Hex       0%         N/A       100%        3
 Gell's Gravitas          Tloc           0%         N/A       100%        3
 Lesser Beckoning         Tloc           0%         N/A       100%        3
 Teleport Other           Tloc           0%         N/A       100%        3
 Airstrike                Air            0%         2d(0-16)  100%        4
 Flame Wave               Conj/Fire      0%         2d4       100%        4
 Summon Lightning Spire   Summ/Air       0%         N/A       100%        4
 Agony                    Necr           0%         N/A       100%        5
 Lightning Bolt           Conj/Air       0%         1d11      100%        5
 Silence                  Hex/Air        0%         N/A       100%        5
 Dispersal                Tloc           0%         N/A       100%        6
 Summon Cactus Giant      Summ           0%         N/A       100%        6
 Shatter                  Erth           0%         3d5*      100%        9


Dungeon Overview and Level Annotations

Branches:
Dungeon (6/15)             Temple (0/1) D:6

Altars:
Okawaru


Innate Abilities, Weirdness & Mutations

You have a pair of horns on your head.
You are mostly covered in sharp spines.
You are partially covered in razor-sharp scales. (AC +1, Slay +1)


Message History

A yak comes into view.
A yak comes into view.
The yak bellows! x2
The ice beast is struck by your spines.
The ice beast hits you but does no damage.
The yak is struck by your spines. The yak gores you but does no damage.
The ice beast attacks as you move away! The ice beast is struck by your spines.
The ice beast hits you. The ice beast freezes you!
You puncture the ice beast! You headbutt the ice beast.
You kill the ice beast!
The yak gores you but does no damage.
You barely miss the yak. Your headbutt misses the yak.
The yak is lightly wounded.
The yak is struck by your spines. The yak gores you!
The yak closely misses you.
You closely miss the yak. Your headbutt misses the yak.
The yak is lightly wounded.
The yak is struck by your spines. The yak barely misses you. The yak gores you.
The yak is struck by your spines. The yak gores you!
You hit the yak.
The yak is moderately wounded.
The yak barely misses you. The yak gores you. The yak is struck by your spines.
The yak gores you.
* * * LOW HITPOINT WARNING * * *
The yak is struck by your spines. The yak barely misses you.
You feel very mighty all of a sudden. The yak is struck by your spines.
The yak barely misses you. The yak is struck by your spines.
The yak gores you but does no damage. The yak gores you.
* * * LOW HITPOINT WARNING * * *
The yak gores you.
* * * LOW HITPOINT WARNING * * *
You are confused.
You feel invigorated. The yak barely misses you.
The yak is struck by your spines. The yak gores you.
* * * LOW HITPOINT WARNING * * *
The yak is struck by your spines. The yak gores you.
* * * LOW HITPOINT WARNING * * *
The yak gores you!
You die...

........#....~§§>~§§#
...###......#§~§~§~§#
... #........~§~~~.#
###....?....~~~..#
.............#####
..#......#####
###.#..## ....#.Y##
##....Y@# #....YY#
#.....### ....#..
...#### .#. #


You could see 4 yaks.

Vanquished Creatures
  A black bear (D:5)
  An ice beast (D:6)
  3 ogres
  A kobold brigand (D:6)
  A necrophage (D:5)
  3 scorpions
  Crazy Yiuf (D:2)
  5 hounds (D:5)
  10 iguanas
  Robin (D:2)
  4 gnolls (D:5)
  4 adders
  5 dart slugs
  3 orcs
  4 bats
  9 endoplasms
  A giant cockroach (D:1)
  25 goblins
  9 hobgoblins
  A jackal (D:3)
  3 quokkas
  5 ball pythons
  5 frilled lizards
  13 kobolds
  2 rats (D:3)
120 creatures vanquished.

Notes
Turn   | Place    | Note
-------+----------+-------------------------------------------
     0 | D:1      | IdlyInterested the Demonspawn Wanderer began the quest for
                  | the Orb.
     0 | D:1      | IdlyInterested set off with the following items: a +0
                  | spear, a +0 chain mail, a scroll of vulnerability, a scroll
                  | of butterflies.
     0 | D:1      | Reached XP level 1. HP: 15/15 MP: 1/1
     0 | D:1      | Upgraded the game from 0.29-a0-1047-g7c58e119a4 to
                  | 0.29-a0-1065-g47a6bb87d6
   245 | D:1      | Gained mutation: You are partially covered in sharp spines.
                  | [demonic ancestry]
   245 | D:1      | Reached XP level 2. HP: 21/21 MP: 2/2
   298 | D:1      | Reached skill level 1 in Dodging
   433 | D:1      | Found a faded altar of an unknown god.
   753 | D:1      | Reached skill level 2 in Fighting
   847 | D:1      | Reached XP level 3. HP: 26/27 MP: 4/4
  1283 | D:2      | Noticed Robin
  1298 | D:2      | Reached skill level 1 in Spellcasting
  1310 | D:2      | Killed Robin
  1536 | D:2      | Found a runed translucent door.
  1537 | D:2      | Noticed Crazy Yiuf
  1846 | D:2      | Gained mutation: You are partially covered in razor-sharp
                  | scales. (AC +1, Slay +1) [demonic ancestry]
  1846 | D:2      | Reached XP level 4. HP: 33/34 MP: 5/5
  2157 | D:2      | Killed Crazy Yiuf
  2542 | D:3      | Identified the +2 helmet of Soposigh {rC- Str+9}
  2666 | D:3      | Reached skill level 3 in Fighting
  2696 | D:3      | Identified the +11 rapier "Ecvedi Nosus" {vorpal, Will+}
  2839 | D:3      | Reached skill level 1 in Throwing
  3730 | D:4      | Found an iron altar of Okawaru.
  3934 | D:4      | Gained mutation: You have a pair of small horns on your
                  | head. [demonic ancestry]
  3934 | D:4      | Reached XP level 5. HP: 41/41 MP: 6/6
  4068 | D:5      | Entered Level 5 of the Dungeon
  4225 | D:5      | Reached skill level 1 in Short Blades
  4226 | D:5      | Gained mutation: You have a pair of horns on your head.
                  | [demonic ancestry]
  4226 | D:5      | Reached XP level 6. HP: 45/48 MP: 7/7
  4306 | D:5      | Reached skill level 4 in Fighting
  4509 | D:5      | Got the Directory of Sandy Gusts
  4658 | D:5      | Gained mutation: You are mostly covered in sharp spines.
                  | [demonic ancestry]
  4658 | D:5      | Reached XP level 7. HP: 55/55 MP: 8/8
  4819 | D:5      | Reached skill level 5 in Fighting
  4995 | D:5      | Identified the +0 leather armour of Leorheot {Harm +Inv
                  | rN++ Dex-2}
  5194 | D:6      | Reached XP level 8. HP: 52/63 MP: 9/9
  5199 | D:6      | Reached skill level 5 in Dodging
  5399 | D:6      | Reached skill level 6 in Fighting
  5399 | D:6      | Found a staircase to the Ecumenical Temple.
  5434 | D:6      | Slain by a yak

Illustrated notes

Levels and vault maps discovered:
D:1:      minmay_arrival_cross, layout_basic,
          shapermc_ecumenical_altar_mp_vishouse, hex_tiny,
          minmay_tree_intersection, minmay_tetromino_l4
D:2:      layout_loops_ring, uniq_robin, uniq_crazy_yiuf_cottage
D:3:      minmay_skewed_foursquare, layout_loops_ring, kennysheep_nondescript,
          kennysheep_generic_room_15
D:4:      layout_basic, mainiacjoe_overflow_six_doors_small, minivault_27,
          minivault_26
D:5:      layout_loops_ring, minivault_5, minmay_misc_feat_room, st_stairs_1
D:6:      layout_cave_pools, minmay_temple_entry_mist, serial_bayou_pond_a,
          minivault_14, minmay_ogre_servants

Skill      XL: |  1  2  3  4  5  6  7  8 |
---------------+-------------------------+-----
Dodging        | 1 2 3 4 5 |  5.4
Fighting       | 2 3 4 5 6 |  6.1
Spellcasting   | 1 |  1.0
Throwing       | 1 2 3 |  3.0
Short Blades   | 1 2 3 |  3.1
Polearms       | |  1.7
Armour         | |  4.5
Stealth        | |  1.6
Evocations     | |  1.0

Action                   |  1- 3 |  4- 6 |  7- 9 || total
-------------------------+-------+-------+-------++-------
Melee: Spear             |    18 |       |       ||    18
       Short sword       |    72 |       |       ||    72
       Punch             |     1 |       |       ||     1
       War axe           |     6 |    17 |       ||    23
       Rapier            |       |    44 |    45 ||    89
       Headbutt          |       |     3 |     6 ||     9
Throw: Dart              |       |     5 |     9 ||    14
  Use: Scroll            |     2 |     5 |     3 ||    10
       Potion            |       |       |     2 ||     2
Armor: Chain mail        |    44 |    30 |    23 ||    97
Dodge: Dodged            |    19 |    21 |    18 ||    58

Table legend: (Time is in decaauts)
 A = Elapsed time spent in this place.
 B = Non-inter-level travel time spent in this place.
 C = Inter-level travel time spent in this place.
 D = Time resting spent in this place.
 E = Time spent auto-exploring this place.
 F = Levels seen in this place.
 G = Mean time per level.
                   A        B        C        D        E       F      G
               +--------+--------+--------+--------+--------+-----+--------+
         Total |   5467 |   4783 |    684 |    427 |   3354 |   6 |  911.2 |
       Dungeon |   5467 |   4783 |    684 |    427 |   3354 |   6 |  911.2 |
               +--------+--------+--------+--------+--------+-----+--------+

Top non-repeatable levels by time:
     D:1: 1292 daAuts
     D:2: 1095 daAuts
     D:5: 1008 daAuts
     D:3: 1006 daAuts
     D:4: 792 daAuts
     D:6: 271 daAuts
